| TOP OF THE 1ST |
|
Reno Silver Sox batting - Pitching for Fresno Grizzlies : RHP Felipe Caban
|
|
Pitching: RHP Felipe Caban
|
|
|
Batting: RHB Lemmie Miller
|
0-0: Foul Ball, location: 2F 0-1: Foul Ball, location: 2F 0-2: Ball 1-2: Fly out, F8 (Line Drive, 8RD, EV 105.6 MPH)
|
|
Batting: RHB Rod Hobbs
|
0-0: Called Strike 0-1: Foul Ball, location: 2F 0-2: Ball 1-2: Ball 2-2: Foul Ball, location: 2F 2-2: Strikes out looking
|
|
Batting: LHB Victor Diaz
|
0-0: Ball 1-0: Ground out 4-3 (Groundball, 34, EV 103.1 MPH)
|
| Top of the 1st over - 0 runs, 0 hits, 0 errors, 0 left on base; Reno 0 - Fresno 0 |
| BOTTOM OF THE 1ST |
|
Fresno Grizzlies batting - Pitching for Reno Silver Sox : RHP Donald Lamer
|
|
Pitching: RHP Donald Lamer
|
|
|
Batting: RHB Mike Jirschele
|
0-0: Called Strike 0-1: Ball 1-1: Ball 2-1: Bunt for hit to 13S - play at first, batter safe!
|
|
Batting: LHB Roger Hill
|
0-0: Ball Mike Jirschele steals 2nd base (no throw) 1-0: Fly out, F8 (Line Drive, 8RD, EV 105.6 MPH)
|
|
Batting: RHB Chris Fernandez
|
0-0: Called Strike 0-1: Ground out 5-3 (Groundball, 56, EV 105.6 MPH)
|
|
Batting: LHB Ron Oddo
|
0-0: Ball 1-0: Called Strike 1-1: Foul Ball, location: 2F 1-2: Ball 2-2: SINGLE (Groundball, 34S, EV 66.3 MPH) (infield hit) Mike Jirschele to third
|
|
Batting: RHB Tom Johnson
|
0-0: Reached on error, E5 (Flyball, 5D, EV 90.0 MPH) Mike Jirschele scores Ron Oddo to second
|
|
Batting: LHB Russ Aldrich
|
0-0: Ball 1-0: Called Strike 1-1: DOUBLE (Line Drive, 89D, EV 108.1 MPH) Ron Oddo scores Tom Johnson to third Runner from 3rd tries for Home, SAFE, no throw by RF
|
|
Batting: RHB Ivan Mesa
|
0-0: Called Strike 0-1: Ball 1-1: Called Strike 1-2: Ground out 6-3 (Groundball, 6, EV 100.0 MPH)
|
| Bottom of the 1st over - 3 runs, 3 hits, 1 error, 1 left on base; Reno 0 - Fresno 3 |
| TOP OF THE 2ND |
|
Reno Silver Sox batting - Pitching for Fresno Grizzlies : RHP Felipe Caban
|
|
Batting: LHB Mike Hocutt
|
0-0: Foul Ball, location: 2F 0-1: Foul Ball, location: 2F 0-2: Foul Ball, location: 2F 0-2: Ball 1-2: SINGLE (Line Drive, 6M, EV 99.4 MPH)
|
|
Batting: LHB Gregory Shirley
|
0-0: Ball 1-0: Called Strike 1-1: Foul Ball, location: 2F 1-2: Foul Ball, location: 2F 1-2: Foul Ball, location: 2F 1-2: Ball 2-2: Ball 3-2: Foul Ball, location: 2F 3-2: DOUBLE (Line Drive, 7LM, EV 99.4 MPH) Mike Hocutt to third
|
|
Batting: SHB Grayling Tobias
|
0-0: Ball 1-0: Ball 2-0: Ball 3-0: Base on Balls
|
|
Batting: LHB Andrew Timko
|
0-0: Ball 1-0: Called Strike 1-1: Grounds into double play, 6-4-3 (Groundball, 6D, EV 109.4 MPH) Mike Hocutt scores Gregory Shirley to third
|
|
Batting: RHB Emilio Perez
|
0-0: Ball 1-0: Ball 2-0: Ball 3-0: Called Strike 3-1: Foul Ball, location: 2F 3-2: Base on Balls
|
|
Batting: SHB Julio Paula
|
0-0: Ball 1-0: Ground out U3 (Groundball, 3S, EV 62.5 MPH)
|
| Top of the 2nd over - 1 run, 2 hits, 0 errors, 2 left on base; Reno 1 - Fresno 3 |
| BOTTOM OF THE 2ND |
|
Fresno Grizzlies batting - Pitching for Reno Silver Sox : RHP Donald Lamer
|
|
Batting: LHB Jose Rivera
|
0-0: Called Strike 0-1: Fly out, F6 (Popup, 6MS, EV 80.0 MPH)
|
|
Batting: RHB Emilio Carrasquel
|
0-0: Called Strike 0-1: Foul Ball, location: 2F 0-2: DOUBLE (Line Drive, 8RD, EV 100.6 MPH)
|
|
Batting: RHB Mike Jirschele
|
0-0: Ball 1-0: Called Strike 1-1: Ball 2-1: Ball 3-1: Base on Balls
|
|
Batting: LHB Roger Hill
|
0-0: Ball Passed Ball! Emilio Carrasquel to third Mike Jirschele to second 1-0: Ball 2-0: Called Strike 2-1: Ball 3-1: Called Strike 3-2: Foul Ball, location: 2F 3-2: SINGLE (Flyball, 78S, EV 91.3 MPH) Emilio Carrasquel scores Mike Jirschele to third Runner from 3rd tries for Home, SAFE, throw by LF to home
|
|
Batting: RHB Chris Fernandez
|
0-0: Ball 1-0: Called Strike 1-1: Called Strike 1-2: Foul Ball, location: 2F Pickoff Throw to First - Out! 1-3 1-2: Ball 2-2: Ball 3-2: Fly out, F7 (Line Drive, 7D, EV 85.0 MPH)
|
| Bottom of the 2nd over - 2 runs, 2 hits, 0 errors, 0 left on base; Reno 1 - Fresno 5 |
| TOP OF THE 3RD |
|
Reno Silver Sox batting - Pitching for Fresno Grizzlies : RHP Felipe Caban
|
|
Batting: RHB Lemmie Miller
|
0-0: Called Strike 0-1: Foul Ball, location: 2F 0-2: Ground out 6-3 (Groundball, 6, EV 88.1 MPH)
|
|
Batting: RHB Rod Hobbs
|
0-0: Ball 1-0: Called Strike 1-1: Ball 2-1: Foul Ball, location: 2F 2-2: Ball 3-2: Strikes out looking
|
|
Batting: LHB Victor Diaz
|
0-0: Called Strike 0-1: Ground out 4-3 (Groundball, 4, EV 88.8 MPH)
|
| Top of the 3rd over - 0 runs, 0 hits, 0 errors, 0 left on base; Reno 1 - Fresno 5 |
| BOTTOM OF THE 3RD |
|
Fresno Grizzlies batting - Pitching for Reno Silver Sox : RHP Donald Lamer
|
|
Batting: LHB Ron Oddo
|
0-0: Called Strike 0-1: Hit by Pitch
|
|
Batting: RHB Tom Johnson
|
0-0: Called Strike 0-1: Foul Ball, location: 2F 0-2: Foul Ball, location: 2F 0-2: Strikes out swinging
|
|
Batting: LHB Russ Aldrich
|
0-0: Foul Ball, location: 2F 0-1: Foul Ball, location: 2F 0-2: SINGLE (Groundball, 4MD, EV 105.6 MPH) Ron Oddo to second
|
|
Batting: RHB Ivan Mesa
|
0-0: Called Strike 0-1: Ball 1-1: Foul Ball, location: 2F 1-2: TRIPLE (Flyball, 89XD, EV 100.6 MPH) Ron Oddo scores Russ Aldrich scores
|
|
Batting: LHB Jose Rivera
|
0-0: Ball 1-0: Swinging Strike 1-1: Called Strike 1-2: Foul Ball, location: 2F 1-2: Strikes out swinging
|
|
Batting: RHB Emilio Carrasquel
|
0-0: Called Strike 0-1: Fly out, F8 (Flyball, 89M, EV 86.3 MPH)
|
| Bottom of the 3rd over - 2 runs, 2 hits, 0 errors, 1 left on base; Reno 1 - Fresno 7 |
| TOP OF THE 4TH |
|
Reno Silver Sox batting - Pitching for Fresno Grizzlies : RHP Felipe Caban
|
|
Batting: LHB Mike Hocutt
|
0-0: DOUBLE (Line Drive, 7LD, EV 98.1 MPH)
|
|
Batting: LHB Gregory Shirley
|
0-0: Foul Ball, location: 2F 0-1: Ball 1-1: Ball 2-1: Foul Ball, location: 2F 2-2: Ball 3-2: Ground out 4-3 (Groundball, 4D, EV 96.3 MPH) Mike Hocutt to third
|
|
Batting: SHB Grayling Tobias
|
0-0: Swinging Strike 0-1: Fly out, F8 (Flyball, 8LD, EV 95.6 MPH) Runner from 3rd tags up, SCORES, throw by CF
|
|
Batting: LHB Andrew Timko
|
0-0: Called Strike 0-1: SINGLE (Groundball, 4MD, EV 110.0 MPH) (infield hit)
|
|
Batting: RHB Emilio Perez
|
0-0: Called Strike Andrew Timko is caught stealing 2nd base 2-4
|
| Top of the 4th over - 1 run, 2 hits, 0 errors, 0 left on base; Reno 2 - Fresno 7 |
| BOTTOM OF THE 4TH |
|
Fresno Grizzlies batting - Pitching for Reno Silver Sox : RHP Donald Lamer
|
|
Batting: RHB Mike Jirschele
|
0-0: Ball 1-0: Called Strike 1-1: Foul Ball, location: 2F 1-2: Ball 2-2: Ball 3-2: Reached on error, E5 (Groundball, 56S, EV 85.0 MPH)
|
|
Pitching: RHP Kelly Scott
|
|
|
Batting: LHB Roger Hill
|
0-0: Fielders Choice at 2nd, 6-4 (Groundball, 6M, EV 87.5 MPH)
|
|
Batting: RHB Chris Fernandez
|
0-0: Ball Roger Hill steals 2nd base (no throw) 1-0: Called Strike 1-1: Ball 2-1: Swinging Strike 2-2: Ground out 6-3 (Groundball, 6, EV 100.0 MPH)
|
|
Batting: LHB Ron Oddo
|
0-0: Foul Ball, location: 2F 0-1: Called Strike 0-2: Fly out, F7 (Flyball, 7S, EV 89.4 MPH)
|
| Bottom of the 4th over - 0 runs, 0 hits, 1 error, 1 left on base; Reno 2 - Fresno 7 |
| TOP OF THE 5TH |
|
Reno Silver Sox batting - Pitching for Fresno Grizzlies : RHP Felipe Caban
|
|
Batting: RHB Emilio Perez
|
0-0: Fly out, F9 (Flyball, 89D, EV 90.0 MPH)
|
|
Batting: SHB Julio Paula
|
0-0: Called Strike 0-1: Ball 1-1: Fly out, F8 (Flyball, 78D, EV 93.8 MPH)
|
|
Batting: RHB Lemmie Miller
|
0-0: Called Strike 0-1: Ball 1-1: Ball 2-1: Foul Ball, location: 2F 2-2: Fly out, F7 (Flyball, 78S, EV 86.3 MPH)
|
| Top of the 5th over - 0 runs, 0 hits, 0 errors, 0 left on base; Reno 2 - Fresno 7 |
| BOTTOM OF THE 5TH |
|
Fresno Grizzlies batting - Pitching for Reno Silver Sox : RHP Kelly Scott
|
|
Batting: RHB Tom Johnson
|
0-0: Ball 1-0: Called Strike 1-1: Swinging Strike 1-2: Strikes out looking
|
|
Batting: LHB Russ Aldrich
|
0-0: Foul Ball, location: 2F 0-1: Ball 1-1: Swinging Strike 1-2: Foul Ball, location: 2F 1-2: Ground out 4-3 (Groundball, 34, EV 81.9 MPH)
|
|
Batting: RHB Ivan Mesa
|
0-0: Ball 1-0: Foul Ball, location: 2F 1-1: Ball 2-1: Foul Ball, location: 2F 2-2: Fly out, F8 (Line Drive, 8RM, EV 90.0 MPH)
|
| Bottom of the 5th over - 0 runs, 0 hits, 0 errors, 0 left on base; Reno 2 - Fresno 7 |
| TOP OF THE 6TH |
|
Reno Silver Sox batting - Pitching for Fresno Grizzlies : RHP Felipe Caban
|
|
Batting: RHB Rod Hobbs
|
0-0: Fly out, F9 (Flyball, 89D, EV 106.9 MPH)
|
|
Batting: LHB Victor Diaz
|
0-0: Ball 1-0: Ground out 4-3 (Groundball, 4, EV 97.5 MPH)
|
|
Batting: LHB Mike Hocutt
|
0-0: Ball 1-0: Called Strike 1-1: Called Strike 1-2: Strikes out swinging
|
| Top of the 6th over - 0 runs, 0 hits, 0 errors, 0 left on base; Reno 2 - Fresno 7 |
| BOTTOM OF THE 6TH |
|
Fresno Grizzlies batting - Pitching for Reno Silver Sox : RHP Kelly Scott
|
|
Batting: LHB Jose Rivera
|
0-0: Fly out, F8 (Flyball, 89M, EV 91.3 MPH)
|
|
Batting: RHB Emilio Carrasquel
|
0-0: Ball 1-0: Foul Ball, location: 2F 1-1: Swinging Strike 1-2: Ball 2-2: Ball 3-2: Fly out, F8 (Flyball, 89D, EV 96.3 MPH)
|
|
Batting: RHB Mike Jirschele
|
0-0: Called Strike 0-1: Foul Ball, location: 2F 0-2: Strikes out swinging
|
| Bottom of the 6th over - 0 runs, 0 hits, 0 errors, 0 left on base; Reno 2 - Fresno 7 |
| TOP OF THE 7TH |
|
Reno Silver Sox batting - Pitching for Fresno Grizzlies : RHP Felipe Caban
|
|
Batting: LHB Gregory Shirley
|
0-0: Foul Ball, location: 2F 0-1: Foul Ball, location: 2F 0-2: Foul Ball, location: 2F 0-2: Strikes out looking
|
|
Batting: SHB Grayling Tobias
|
0-0: Ball 1-0: Swinging Strike 1-1: Ball 2-1: Swinging Strike 2-2: Ground out 4-3 (Groundball, 4, EV 81.3 MPH)
|
|
Batting: LHB Andrew Timko
|
0-0: Called Strike 0-1: Ball 1-1: Ball 2-1: Ground out 4-3 (Groundball, 4, EV 88.1 MPH)
|
| Top of the 7th over - 0 runs, 0 hits, 0 errors, 0 left on base; Reno 2 - Fresno 7 |
| BOTTOM OF THE 7TH |
|
Fresno Grizzlies batting - Pitching for Reno Silver Sox : RHP Kelly Scott
|
|
Batting: LHB Roger Hill
|
0-0: Ball 1-0: Ball 2-0: Foul Ball, location: 2F 2-1: Foul Ball, location: 2F 2-2: Ball 3-2: Base on Balls
|
|
Batting: RHB Chris Fernandez
|
0-0: Called Strike 0-1: Grounds into double play, 5-4-3 (Groundball, 56, EV 85.6 MPH)
|
|
Batting: LHB Ron Oddo
|
0-0: Fly out, F7 (Line Drive, 7, EV 89.4 MPH)
|
| Bottom of the 7th over - 0 runs, 0 hits, 0 errors, 0 left on base; Reno 2 - Fresno 7 |
| TOP OF THE 8TH |
|
Reno Silver Sox batting - Pitching for Fresno Grizzlies : RHP Felipe Caban
|
|
Pitching: RHP James Coffman
|
|
|
Batting: RHB Emilio Perez
|
0-0: Ball 1-0: Fly out, F6 (Flyball, 56D, EV 86.9 MPH)
|
|
Batting: SHB Julio Paula
|
0-0: Ball 1-0: Foul Ball, location: 2F 1-1: Foul Ball, location: 2F 1-2: Ground out 5-3 (Groundball, 56, EV 85.0 MPH)
|
|
Batting: RHB Lemmie Miller
|
0-0: Swinging Strike 0-1: SINGLE (Flyball, 34D, EV 94.4 MPH)
|
|
Batting: RHB Rod Hobbs
|
0-0: Foul Ball, location: 2F 0-1: Ball 1-1: Ball 2-1: Fielders Choice at 2nd, 6-4 (Groundball, 6, EV 107.5 MPH)
|
| Top of the 8th over - 0 runs, 1 hit, 0 errors, 1 left on base; Reno 2 - Fresno 7 |
| BOTTOM OF THE 8TH |
|
Fresno Grizzlies batting - Pitching for Reno Silver Sox : RHP Kelly Scott
|
|
Batting: RHB Tom Johnson
|
0-0: Foul Ball, location: 2F 0-1: Ball 1-1: Foul Ball, location: 2F 1-2: DOUBLE (Line Drive, 9LD, EV 105.6 MPH)
|
|
Batting: LHB Russ Aldrich
|
0-0: Ball 1-0: Reached on error, E7 (Flyball, 7LM, EV 89.4 MPH) Tom Johnson to third
|
|
Batting: RHB Ivan Mesa
|
0-0: Foul Ball, location: 2F 0-1: Called Strike 0-2: Ball 1-2: Foul Ball, location: 2F 1-2: Ball 2-2: Foul Ball, location: 2F 2-2: Ball 3-2: Base on Balls Russ Aldrich to second
|
|
Batting: LHB Jose Rivera
|
0-0: Ball 1-0: Ball 2-0: Foul Ball, location: 2F 2-1: GRAND SLAM HOME RUN (Flyball, 7LD, EV 97.5 MPH), Distance : 355 ft
|
|
Batting: RHB Emilio Carrasquel
|
0-0: Ball 1-0: Called Strike 1-1: Called Strike 1-2: Ball 2-2: Ground out U3 (Groundball, 34, EV 85.6 MPH)
|
|
Pinch Hitting: SHB Jeffery Gossett
|
0-0: Fly out, F8 (Line Drive, 8RM, EV 100.6 MPH)
|
|
Batting: LHB Roger Hill
|
0-0: Ball 1-0: Ball 2-0: Ball 3-0: Called Strike 3-1: Base on Balls
|
|
Pinch Hitting: LHB Bryon Horn
|
0-0: Ball 1-0: Fielders Choice at 2nd, 6-4 (Groundball, 6, EV 93.1 MPH)
|
| Bottom of the 8th over - 4 runs, 2 hits, 1 error, 1 left on base; Reno 2 - Fresno 11 |
| TOP OF THE 9TH |
|
Reno Silver Sox batting - Pitching for Fresno Grizzlies : RHP James Coffman
|
|
Now at 1B: Billy Ireland
|
|
|
Now at 3B: Jeffery Gossett
|
|
|
Batting: LHB Victor Diaz
|
0-0: Called Strike 0-1: Called Strike 0-2: SINGLE (Line Drive, 4D, EV 100.6 MPH)
|
|
Batting: LHB Mike Hocutt
|
0-0: Ball 1-0: Ball 2-0: Swinging Strike 2-1: Foul Ball, location: 2F 2-2: Foul Ball, location: 2F 2-2: Foul Ball, location: 2F 2-2: Strikes out swinging
|
|
Batting: LHB Gregory Shirley
|
0-0: Called Strike 0-1: Ball 1-1: Ball 2-1: Ball 3-1: Swinging Strike 3-2: Strikes out swinging
|
|
Batting: SHB Grayling Tobias
|
0-0: Ball 1-0: Called Strike 1-1: Ball 2-1: Swinging Strike 2-2: Foul Ball, location: 2F 2-2: Fly out, F8 (Flyball, 8LXD, EV 100.6 MPH)
|
| Top of the 9th over - 0 runs, 1 hit, 0 errors, 1 left on base; Reno 2 - Fresno 11 |
|